 Dungeon Crawl Stone Soup version 0.28.0 (webtiles) character file.

Game seed: 14140332473845143477

0 SnakkuSnakku7 the Sneak (level 1, 0/13 HPs)
             Began as a Vampire Fire Elementalist on Feb 14, 2022.
             Slain by a jackal (2 damage)
             ... on level 1 of the Dungeon.
             The game lasted 00:00:29 (104 turns).

SnakkuSnakku7 the Sneak (Vampire Fire Elementalist)  Turns: 104, Time: 00:00:30

Health: 0/13       AC:  2    Str:  7    XL:     1   Next: 8%
Magic:  2/3        EV: 12    Int: 17    God:
Gold:   0          SH:  0    Dex: 14    Spells: 3/4 levels left

rFire   . . .      SeeInvis +   (no weapon)
rCold   . . .      Faith    .   (no shield)
rNeg    . . .      Spirit   .   a - +0 robe
rPois   .          Reflect  .   (no helmet)
rElec   .          Harm     .   (no cloak)
rCorr   .          Rampage  .   (no gloves)
Will    .....                   (no boots)
Stlth   ++........              (no amulet)
HPRegen 0.24/turn               (no ring)
MPRegen 0.08/turn               (no ring)

@: healing quickly
A: alive, fangs 3, see invisible, vampiric 1
a: Exsanguinate


You were on level 1 of the Dungeon.
You visited 1 branch of the dungeon, and saw 1 of its levels.

Inventory:

Armour
 a - a +0 robe (worn)


   Skills:
 - Level 2.1 Dodging
 - Level 3.0 Stealth
 + Level 0.2 Unarmed Combat
 - Level 2.0 Spellcasting
 - Level 0.6 Conjurations
 - Level 2.4 Fire Magic


You had 3 spell levels left.
You knew the following spells:

 Your Spells              Type           Power      Damage    Failure   Level
a - Foxfire               Conj/Fire      24%        2x1d5     11%         1

Your spell library contained the following spells:

 Spells                   Type           Power      Damage    Failure   Level
 Scorch                   Fire           18%        2d6       11%         2
 Conjure Flame            Conj/Fire      6%         6-21      30%         3
 Inner Flame              Hex/Fire       5%         N/A       34%         3
 Flame Wave               Conj/Fire      6%         2d5       71%         4


Dungeon Overview and Level Annotations

Branches:
Dungeon (1/15)

Altars:


Innate Abilities, Weirdness & Mutations

Your natural rate of healing is accelerated.
You have razor-sharp teeth.
You have supernaturally acute eyesight. (SInv)
You are afflicted with vampirism.


Message History

A jackal comes into view.
A goblin comes into view. It is wielding a +0 club.
Unknown command.
Casting: Foxfire (safe; 11% risk of failure)
Confirm with . or Enter, or press ? or * to list all spells.
Okay, then.
Your foxfire dissipates!
A jackal comes into view. x2
There is an open door here.
An endoplasm and a kobold come into view.
The endoplasm quivers.
The kobold shouts!
The jackal barely misses you. The goblin hits you with a +0 club.
The goblin hits you but does no damage. The jackal closely misses you.
The jackal bites you. The goblin hits you with a +0 club.
The jackal closely misses you. The jackal misses you.
The endoplasm jiggles.
The endoplasm hits you. The jackal barely misses you.
The jackal barely misses you. The jackal barely misses you.
Casting: Foxfire (safe; 11% risk of failure)
Confirm with . or Enter, or press ? or * to list all spells.
You conjure some foxfire!
The jackal bites you.
Unknown command.
Unknown command.
Your foxfire dissipates!
The foxfire hits the jackal.
The jackal is almost dead.
Unknown command.
You closely miss the jackal.
The jackal is almost dead.
The jackal bites you.
* * * LOW HITPOINT WARNING * * *
The jackal bites you.
* * * LOW HITPOINT WARNING * * *
You miss the jackal.
The jackal is almost dead.
The jackal bites you.
You die...

.......≈≈...##.#
....≈≈≈≈≈≈..##.#
...≈≈≈≈≈≈≈..##.#
..≈≈≈≈≈≈≈≈≈.##.#
..≈≈≈≈≈≈≈≈≈.##.######.
..≈≈≈≈≈≈≈≈≈.##........
.≈≈≈≈≈≈≈≈≈≈.##.########
.≈≈≈≈≈≈≈≈≈≈. #.#.hgK..#
.≈≈≈≈≈≈≈≈≈. #.#@###..#
##≈≈≈≈≈≈≈≈.###.#.###..#
≈≈≈≈.....#.##..##
≈≈≈≈.....#.##.K.#
≈≈.....>#'##...##
≈≈.#.......##...# ≈≈
#..g....##...# ≈
#.......##...##
#...#...###...#


You could see a jackal, a goblin and a kobold.

Vanquished Creatures
  A kobold (D:1)
1 creature vanquished.

Vanquished Creatures (others)
  3 foxfires (D:1)
3 creatures vanquished.

Grand Total: 4 creatures vanquished

Notes
Turn   | Place    | Note
-------+----------+-------------------------------------------
     0 | D:1      | SnakkuSnakku7 the Vampire Fire Elementalist began the quest
                  | for the Orb.
     0 | D:1      | Reached XP level 1. HP: 13/13 MP: 3/3
    41 | D:1      | Found a faded altar of an unknown god.
   104 | D:1      | Slain by a jackal

Illustrated notes

Levels and vault maps discovered:
D:1:      minmay_arrival_shoal_huts, layout_basic, basic_ecumenical_altar,
          serial_curves, eino_curves_04, eino_curves_02

Action                   || total
-------------------------++-------
Melee: Unarmed           ||     2
 Cast: Foxfire           ||     2
Armor: Robe              ||     1
Dodge: Dodged            ||     7
